 Dungeon Crawl Stone Soup version 0.17-a0-2127-g1cb09f6 (webtiles) character file.

1318 Reofec the Schismatic (level 8, -3/61 HPs)
             Began as a Demonspawn Abyssal Knight on Oct 23, 2015.
             Was an Elder of Lugonu.
             Slain by an orc warrior
             ... wielding a +0 hand axe of freezing
              (8 damage)
             ... on level 6 of the Dungeon.
             The game lasted 00:33:35 (6218 turns).

Reofec the Schismatic (Demonspawn Abyssal Knight)   Turns: 6218, Time: 00:33:35

Health: -3/61      AC:  9    Str: 15    XL:     8   Next: 33%
Magic:  12/12      EV: 13    Int: 14    God:    Lugonu [****..]
Gold:   205        SH:  0    Dex: 12    Spells: 0 memorised, 7 levels left

rFire  . . .     SeeInvis .     a - +1 falchion
rCold  . . .     Clarity  .     b - +0 leather armour
rNeg   . . .     SustAt   +     (no shield)
rPois  .         Gourm    .     (helmet restricted)
rElec  .         Spirit   .     (no cloak)
rCorr  .         Warding  .     r - +1 pair of gloves
rMut   .         Stasis   .     (no boots)
MR     .....                    (no amulet)
Stlth  +.........               (no ring)
                                e - ring of sustain attributes

@: not resistant to hostile enchantments, very unstealthy
A: horns 1, iridescent scales 1, spiny 1
a: Depart the Abyss, Bend Space, Banish, Corrupt, Renounce Religion


You were on level 6 of the Dungeon.
You worshipped Lugonu.
Lugonu was greatly pleased with you.
You were not hungry.

You visited 1 branch of the dungeon, and saw 6 of its levels.
You visited the Abyss 1 time.

You collected 205 gold pieces.

Inventory:

Hand Weapons
 a - a +1 falchion (weapon)
 o - a +0 short sword
 x - a cursed -3 mace
 C - a +0 falchion
 G - a +2 whip of freezing
 I - a +3 dagger
Missiles
 v - 10 arrows of dispersal
Armour
 b - a +0 leather armour (worn)
 f - a +0 leather armour
 r - a +1 pair of gloves (worn)
 H - a +1 robe of resistance
 M - a +0 pair of boots
Jewellery
 e - a ring of sustain attributes (left hand)
 g - an uncursed ring of flight
 l - an uncursed ring of protection from fire {unknown}
 u - an uncursed ring of see invisible {unknown}
 J - an uncursed ring of see invisible {unknown}
 K - a cursed ring of teleportation {unknown}
Scrolls
 h - 2 scrolls of recharging {unknown}
 i - 2 scrolls of remove curse
 k - 2 scrolls of enchant weapon {unknown}
 p - a scroll of fear {unknown}
 w - a scroll of noise {unknown}
 y - a scroll of magic mapping {unknown}
 D - a scroll of amnesia {unknown}
 N - a scroll of identify
Potions
 m - 2 potions of cure mutation
 t - a potion of mutation {unknown}
 B - a potion of ambrosia {unknown}
 E - a potion of agility {unknown}
 F - a potion of curing {unknown}
Books
 n - a book of Burglary

   Spells                             Type                      Level
   a - Swiftness                      Charms/Air                   2
   b - Passwall                       Transmutation/Earth          3
   c - Passage of Golubria            Translocation                4
   d - Lee's Rapid Deconstruction     Earth                        5
   e - Darkness                       Hexes                        6
   f - Invisibility                   Hexes                        6
Comestibles
 c - 7 bread rations
 s - 3 meat rations
 z - a slice of pizza
 A - a royal jelly
 L - 2 chunks of flesh


   Skills:
 + Level 4.8 Fighting
 + Level 3.6 Long Blades
 * Level 3.7 Throwing
 + Level 3.5 Armour
 + Level 4.6 Dodging
 - Level 1.0 Stealth
 * Level 5.7 Invocations


You had 7 spell levels left.
You didn't know any spells.

Dungeon Overview and Level Annotations

Branches:
Dungeon (6/15)             Temple (0/1) D:5

Altars:
Kikubaaqudgha
Nemelex Xobeh

Annotations:
Abyss:1 Edmund


Innate Abilities, Weirdness & Mutations

You have a pair of small horns on your head.
You are partially covered in iridescent scales (AC +4).
You are partially covered in sharp spines.


Message History

The orc warrior hits you with a hand axe of freezing.
* * * LOW HITPOINT WARNING * * *
The orc warrior freezes you.
* * * LOW HITPOINT WARNING * * *
The orc priest calls upon Beogh to heal the orc warrior.
The orc warrior is healed somewhat.
Drink which item? (? for menu, Esc to quit)
You feel much better. The orc warrior barely misses you.
The orc priest is struck by your spines.
You kill the orc priest!
Lugonu accepts your kill.
The orc warrior hits you with a hand axe of freezing!!
* * * LOW HITPOINT WARNING * * *
The orc warrior freezes you!
* * * LOW HITPOINT WARNING * * *
You see here a club.
You hit the orc warrior but do no damage.
The orc warrior is lightly wounded.
The orc warrior hits you with a hand axe of freezing!
You die...

#...........##.... #####
#................
....###..............#..
.............(........
......###......(...##
.....<# ##..........#
......####..........###
......#o).(...(.......#
........##.#....@.).<.##
....#.####.#...o.....(.###..
###<#... ..#.......(........
.......######...#.##..##...(
........ ....#.#.##..# #...
##...#### ###........###
.... ..#.>#
#..........##.... .....#
#................ ......#
#..#.............


You could see an orc warrior.

Vanquished Creatures
  Pikel (D:5)
  2 slaves (D:5)
  An ogre (D:6)
  2 vampire bats (D:4)
  3 crimson imps (D:5)
  3 hounds
  2 orc wizards
  2 orc priests
  A worker ant (D:5)
  A hound zombie (D:5)
  6 gnolls
  10 adders
  An ooze (D:1)
  An adder zombie (D:5)
  4 worms
  A giant gecko (D:3)
  8 orcs
  4 ball pythons
  9 bats
  A bat skeleton (D:4)
  3 bat zombies (D:4)
  6 giant cockroaches
  10 hobgoblins
  5 jackals
  3 giant newts
  5 goblins
  12 kobolds
  4 quokkas
  15 rats
126 creatures vanquished.

Notes
Turn   | Place    | Note
--------------------------------------------------------------
     0 | Abyss:1  | Reofec the Demonspawn Abyssal Knight began the quest for the Orb.
     0 | Abyss:1  | Reached XP level 1. HP: 18/18 MP: 2/2
    39 | Abyss:1  | Noticed a brain worm
    58 | D:1      | Escaped the Abyss
   755 | D:1      | Reached * piety under Lugonu
   757 | D:1      | Gained mutation: You have a pair of small horns on your head. [demonic ancestry]
   757 | D:1      | Reached XP level 2. HP: 13/24 MP: 4/4
   882 | D:1      | Reached skill level 1 in Dodging
  1082 | D:1      | Reached XP level 3. HP: 22/29 MP: 5/5
  1612 | D:2      | Reached ** piety under Lugonu
  2591 | D:2      | Gained mutation: You are partially covered in sharp spines. [demonic ancestry]
  2591 | D:2      | Reached XP level 4. HP: 31/36 MP: 6/6
  2673 | D:2      | Reached skill level 1 in Throwing
  2812 | D:2      | Reached skill level 1 in Stealth
  3405 | D:3      | Reached XP level 5. HP: 36/42 MP: 7/7
  3448 | D:3      | Reached *** piety under Lugonu
  4099 | D:4      | Reached skill level 4 in Fighting
  4196 | D:4      | Noticed a phantom
  4268 | D:4      | Noticed Edmund
  4287 | D:4      | Banished Edmund
  4287 | D:4      | Reached XP level 6. HP: 4/48 MP: 8/8
  4778 | D:4      | Found an ancient bone altar of Kikubaaqudgha.
  5046 | D:5      | Entered Level 5 of the Dungeon
  5225 | D:5      | Noticed Pikel
  5226 | D:5      | Found a staircase to the Ecumenical Temple.
  5237 | D:5      | Killed Pikel
  5237 | D:5      | Reached skill level 5 in Invocations
  5237 | D:5      | Reached XP level 7. HP: 30/55 MP: 10/10
  5369 | D:5      | Gained mutation: You are partially covered in iridescent scales (AC +4). [demonic ancestry]
  5369 | D:5      | Reached XP level 8. HP: 35/61 MP: 11/11
  5571 | D:5      | Found a sparkling altar of Nemelex Xobeh.
  6185 | D:6      | Reached **** piety under Lugonu
  6218 | D:6      | Slain by an orc warrior

Vault maps used:
D:1:      co_arrival_random_square_maze
D:3:      first_bread
D:4:      kennysheep_vampire_church, uniq_edmund
D:5:      temple_doors_e, grunt_ministairs_8, nemelex_diamond_rough_becter,
          uniq_pikel
D:6:      amethyst_overflow_temple_binary, lemuel_angel_altar
Abyss:1:  minivault_25_ag

Action                   |  1- 3 |  4- 6 |  7- 9 || total
-------------------------+-------+-------+-------++-------
Melee: Falchion          |   124 |    95 |    71 ||   290
Throw: Stone             |    23 |    13 |     2 ||    38
Invok: Depart the Abyss  |     1 |       |       ||     1
       Banish            |       |     1 |       ||     1
  Use: Potion            |     2 |       |     3 ||     5
       Scroll            |       |     5 |     1 ||     6
 Stab: Sleeping          |       |     3 |       ||     3
  Eat: Chunk             |     3 |     8 |     3 ||    14
       Pizza             |     1 |       |       ||     1
       Beef jerky        |       |     1 |       ||     1
